 Dungeon Crawl Stone Soup version 0.27.0-1-g7a089689b8 (webtiles) character file.

Game seed: 15396003843050639256

284 stebl the Insei (level 6, -3/43 HPs)
             Began as a Djinni Transmuter on Aug 8, 2021.
             Slain by an orc (5 damage)
             ... on level 4 of the Dungeon.
             The game lasted 00:13:51 (5943 turns).

stebl the Insei (Djinni Transmuter)                 Turns: 5943, Time: 00:13:51

Health: -3/43      AC:  2    Str:  9    XL:     6   Next: 54%
Gold:   90         EV: 19    Int: 17    God:
                   SH:  0    Dex: 18

rFire    + . .     SeeInvis .     - Unarmed
rCold    . . .     Faith    .   (shield currently unavailable)
rNeg     . . .     Spirit   .   (armour currently unavailable)
rPois    ∞         Reflect  .   (helmet currently unavailable)
rElec    .         Harm     .   (cloak currently unavailable)
rCorr    .         Rampage  .   (gloves currently unavailable)
Will     .....                  (boots unavailable)
Stlth    ++........             (no amulet)
HPRegen  0.14/turn              l - ring of protection from fire
MPRegen  0.00/turn              (no ring)

@: spider-form, wereblooded, flying, very slightly contaminated
A: venomous fangs, flying, sickness immunity, tiny, (fire resistance 2), (cold
vulnerability 1), float, innate caster, hp casting, extra vitality 1
a: End Transformation


You were on level 4 of the Dungeon.
You were a venomous arachnid creature.
You visited 1 branch of the dungeon, and saw 4 of its levels.

You collected 90 gold pieces.

Inventory:

Missiles
 b - 8 boomerangs (quivered)
Armour
 a - a +0 robe (melded)
 o - a +0 cloak (melded)
 p - a +0 helmet (melded)
Jewellery
 l - a ring of protection from fire (left front leg)
Scrolls
 c - a scroll of enchant armour {unknown}
 d - 2 scrolls of identify {unknown}
 f - a scroll of fog {unknown}
 i - 3 scrolls of teleportation {unknown}
 j - 2 scrolls of enchant weapon {unknown}
 k - a scroll of blinking {unknown}
 n - a scroll of magic mapping {unknown}
Potions
 e - a potion of haste {unknown}
 g - a potion of might {unknown}
 h - 2 potions of cancellation {unknown}
 m - a potion of flight {unknown}


   Skills:
 - Level 2.0 Fighting
 - Level 2.1 Dodging
 * Level 5.9 Unarmed Combat
 + Level 2.6 Spellcasting


You couldn't memorise any spells.
You knew the following spells:

 Your Spells              Type           Power      Damage    Failure   Level
a - Beastly Appendage     Tmut           22%        N/A       17%         1
b - Wereblood             Tmut           11%        N/A       22%         2
c - Spider Form           Tmut/Pois      5%         N/A       38%         3
d - Ice Form              Ice/Tmut       11%        N/A       73%         4
e - Animate Skeleton      Necr           22%        N/A       17%         1
f - Ensorcelled Hibernat  Hex/Ice        22%        N/A       22%         2
Your spell library was empty.

Dungeon Overview and Level Annotations

Branches:
Dungeon (4/15)
 Temple: D:4-7

Altars:
Xom
Yredelemnul

Shops:
D:2 *

Annotations:
D:4 Ijyb


Innate Abilities, Weirdness & Mutations

You are a venomous arachnid creature.
You have poisonous fangs.
You are tiny and dextrous.
You are flying.
Your spellcasting is less reliable in this form.
Your armour is entirely melded.
You are incapable of wielding weapons or throwing items.
You are immune to sickness and miasma.
You are immune to poison.
((Your flesh is very heat resistant. (rF++)))
((You are vulnerable to cold. (rC-)))
You float through the air rather than walking.
You learn spells naturally, not from books.
Your magical power is your life essence.
You have superior vitality. (+4 HP)


Message History

An orc comes into view. It is wielding a +0 falchion.
The orc moves out of view. x2
The orc shouts!
You hear an angry hiss.
There is an open door here.
An orc is nearby!
An orc comes into view. It is wielding a +0 flail.
The orc shouts!
An adder comes into view.
There is an open door here.
Casting: Beastly Appendage (safe; 6% risk of failure)
Confirm with . or Enter, or press ? or * to list all spells.
Your blood is infused with primal strength.
You hit the orc but do no damage. You headbutt the orc.
The orc is heavily wounded.
Your horns disappear.
Your +0 helmet unmelds from your body.
The orc hits you but does no damage.
You hit the orc but do no damage.
The orc is heavily wounded.
Casting: Wereblood (safe; 9% risk of failure)
Confirm with . or Enter, or press ? or * to list all spells.
The spell is quite dangerous to cast (19% risk of failure)!
Continue anyway?
You miscast Spider Form.
You are very lightly contaminated with residual magic.
Nothing appears to happen.
The orc closely misses you.
Casting: Spider Form (quite dangerous; 19% risk of failure)
Confirm with . or Enter, or press ? or * to list all spells.
The spell is quite dangerous to cast (19% risk of failure)!
Continue anyway?
You turn into a venomous arachnid creature.
Your +0 cloak melds into your body.
Your +0 helmet melds into your body.
Your +0 robe melds into your body.
The orc barely misses you. The orc closely misses you.
You completely miss the orc. The orc hits you with a +0 flail!
The orc hits you with a +0 mace.
* * * LOW HITPOINT WARNING * * *
You hit the orc.
The orc is poisoned.
The orc is moderately wounded.
The orc hits you with a +0 flail!
* * * LOW HITPOINT WARNING * * *
The orc hits you with a +0 mace.
You die...

##+##
#######...##
#....<#oS..#
#.....soo..#
###.†###o.##
#.. ..# +..
.... #..
o.... #..
....... #..
.#####. ###
##


You could see an adder and 4 orcs.

Vanquished Creatures
  A kobold brigand (D:3)
  Jessica (D:2)
  2 orc wizards (D:3)
  4 gnolls
  3 adders
  An adder skeleton (D:2)
  2 worms
  3 dart slugs
  3 orcs (D:3)
  6 bats
  An endoplasm (D:2)
  A giant cockroach (D:3)
  7 goblins
  5 hobgoblins
  6 jackals
  4 kobolds
  2 quokkas (D:2)
  2 ball pythons (D:1)
  4 frilled lizards
  5 rats
63 creatures vanquished.

Notes
Turn   | Place    | Note
-------+----------+-------------------------------------------
     0 | D:1      | stebl the Djinni Transmuter began the quest for the Orb.
     0 | D:1      | Reached XP level 1. HP: 17/17 MP: 0/0
   741 | D:1      | Reached XP level 2. HP: 21/22 MP: 0/0
  1478 | D:1      | Reached XP level 3. HP: 26/27 MP: 0/0
  1478 | D:1      | Learned a level 1 spell: Animate Skeleton
  1775 | D:2      | Found a faded altar of an unknown god.
  1960 | D:2      | Reached skill level 4 in Unarmed Combat
  2197 | D:2      | Reached XP level 4. HP: 22/33 MP: 0/0
  2319 | D:2      | Found Qowegh's Assorted Antiques.
  2523 | D:3      | Noticed a kobold brigand
  2576 | D:2      | Found a basalt altar of Yredelemnul.
  3480 | D:2      | Reached XP level 5. HP: 7/38 MP: 0/0
  3480 | D:2      | Learned a level 2 spell: Ensorcelled Hibernation
  4629 | D:3      | Noticed Jessica
  4961 | D:2      | Killed Jessica
  4962 | D:2      | Reached skill level 5 in Unarmed Combat
  4988 | D:3      | Killed a kobold brigand
  4989 | D:3      | Reached XP level 6. HP: 36/43 MP: 0/0
  5236 | D:3      | Found a shimmering altar of Xom.
  5243 | D:3      | Found a shimmering altar of Xom.
  5874 | D:4      | Noticed Ijyb
  5874 | D:4      | Noticed an ogre
  5943 | D:4      | HP: 2/43 [orc (7)]
  5943 | D:4      | Slain by an orc

Illustrated notes

Levels and vault maps discovered:
D:1:      minmay_arrival_semitransparent, layout_basic, patterned_corridor
D:2:      layout_loops_ring, shapermc_ecumenical_altar_pompeii, serial_shops,
          shop, basic_altar, minmay_circled_x
D:3:      layout_basic, xom_redecorated, uniq_jessica
D:4:      layout_gridville, chequers_temple_overflow_statue_of_worship,
          mainiacjoe_overflow_concentric_impassable, uniq_ijyb

Skill      XL: |  1  2  3  4  5 |
---------------+----------------+-----
Unarmed Combat | 4 5 |  5.9
Fighting       | 2 |  2.0
Spellcasting   | 2 |  2.6
Dodging        | |  2.1

Action                   |  1- 3 |  4- 6 || total
-------------------------+-------+-------++-------
Melee: Unarmed           |   119 |   135 ||   254
       Headbutt          |    18 |    18 ||    36
       Punch             |     1 |     1 ||     2
Throw: Boomerang         |     1 |     2 ||     3
 Cast: Beastly Appendage |    23 |    21 ||    44
       Wereblood         |     2 |     1 ||     3
       Animate Skeleton  |       |     2 ||     2
       Ensorcelled Hiber |       |     4 ||     4
       Spider Form       |       |     5 ||     5
 Stab: Sleeping          |     1 |     1 ||     2
Armor: Robe              |    23 |    10 ||    33
       Skin              |       |     1 ||     1
Dodge: Dodged            |    78 |    83 ||   161
